 Dungeon Crawl Stone Soup version 0.30.1-4-g462c640d31 (webtiles) character file.

Game seed: 15781951554694264804

18 MrPagan1517 the Conjurer (level 2, 0/20 HPs)
             Began as a Draconian Conjurer on Aug 21, 2023.
             Constricted to death by a ball python (1 damage)
             ... on level 1 of the Dungeon.
             The game lasted 00:09:05 (307 turns).

MrPagan1517 the Conjurer (Draconian Conjurer)        Turns: 307, Time: 00:09:05

Health: 0/20       AC:  4    Str:  9    XL:     2   Next: 48%
Magic:  1/5        EV:  9    Int: 18    God:
Gold:   0          SH:  0    Dex:  9    Spells: 4/5 levels left

rFire   . . .        (no weapon)
rCold   . . .        (no shield)
rNeg    . . .        (body armour unavailable)
rPois   .            (helmet restricted)
rElec   .            (no cloak)
rCorr   .            (no gloves)
SInv    .            (no boots)
Will    .....        (no amulet)
Stlth   ++           (no ring)
HPRegen 0.23/turn    (no ring)
MPRegen 0.09/turn

%: no passive effects
@: constricted
A: AC +4, unfitting armour, cold-blooded
a: no special abilities


You were on level 1 of the Dungeon.
You visited 1 branch of the dungeon, and saw 1 of its levels.

Inventory:

Armour
 e - a +0 robe
Scrolls
 b - a scroll of teleportation {unknown}
 c - 2 scrolls of fear
Potions
 a - a potion of magic
 d - a potion of curing {unknown}


   Skills:
 + Level 1.8 Dodging
 + Level 1.9 Stealth
 + Level 0.2 Unarmed Combat
 + Level 2.2 Spellcasting
 + Level 4.4 Conjurations


You had 4 spell levels left.
You knew the following spells:

 Your Spells              Type           Power      Damage    Failure   Level
a - Magic Dart            Conj           68%        1d6       3%          1

Your spell library contained the following spells:

 Spells                   Type           Power      Damage    Failure   Level
 Searing Ray              Conj           34%        2d5       4%          2
 Dazzling Flash           Conj/Hex       18%        N/A       22%         3
 Fulminant Prism          Conj/Hex       4%         3d5       56%         4
 Iskenderun's Mystic Bla  Conj/Tloc      9%         2d4       56%         4


Dungeon Overview and Level Annotations

Branches:
Dungeon (1/15)

Altars:


Innate Abilities, Weirdness & Mutations

Your plain brown scales are hard. (AC +4)
You cannot fit into any form of body armour.
You are cold-blooded and may be slowed by cold attacks.


Message History

The quokka is moderately wounded.
The ball python barely misses you. The ball python grabs you.
The ball python constricts you. The quokka barely misses you.
You miss the quokka.
You tail-slap the quokka, but do no damage.
The quokka is moderately wounded.
The ball python bites you but does no damage.
The ball python constricts you. The quokka bites you.
The ball python bites you but does no damage.
The ball python constricts you.
You completely miss the quokka.
Your tail-slap misses the quokka.
The quokka is moderately wounded.
The quokka closely misses you. The ball python bites you.
The ball python constricts you.
You closely miss the quokka.
The quokka is moderately wounded.
The quokka bites you. The ball python bites you.
The ball python constricts you.
You hit the quokka but do no damage.
The quokka is moderately wounded.
The quokka barely misses you. The ball python bites you.
The ball python constricts you. The quokka barely misses you.
You hit the quokka but do no damage.
The quokka is moderately wounded.
The ball python bites you but does no damage.
The ball python constricts you. The quokka bites you.
You hit the quokka but do no damage.
The quokka is moderately wounded.
The ball python bites you but does no damage.
The ball python constricts you. The quokka bites you.
* * * LOW HITPOINT WARNING * * *
The ball python bites you but does no damage.
The ball python constricts you.
* * * LOW HITPOINT WARNING * * *
You closely miss the ball python.
The quokka bites you but does no damage.
The ball python bites you.
* * * LOW HITPOINT WARNING * * *
The ball python constricts you.
You die...

#.. # .. > #.# ... .##
#.# ### # #.###..#
###.####.. ##. ...##.#
#.....##.#
#...####..#.###.....##.#
....................†...
#.....[r#.(.###.....####
#@Sg..............
####..############ ##.#
###


You could see a quokka, a hobgoblin and a ball python.

Vanquished Creatures
  A dart slug (D:1)
  2 endoplasms (D:1)
  A giant cockroach (D:1)
  A goblin (D:1)
  4 jackals (D:1)
  2 bats (D:1)
  A frilled lizard (D:1)
  2 rats (D:1)
14 creatures vanquished.

Notes
Turn   | Place    | Note
-------+----------+-------------------------------------------
     0 | D:1      | MrPagan1517 the Draconian Conjurer began the quest for the
                  | Orb.
     0 | D:1      | Reached XP level 1. HP: 14/14 MP: 3/3
   182 | D:1      | Reached XP level 2. HP: 20/20 MP: 1/5
   307 | D:1      | HP: 1/20 [ball python (3)]
   307 | D:1      | Constricted to death by a ball python

Illustrated notes

Levels and vault maps discovered:
D:1:      lemuel_arrival_room, layout_rooms

Action                     || total
---------------------------++-------
  Melee: Unarmed           ||    69
         Tailslap          ||     7
   Cast: Magic Dart        ||    19
    Use: Scroll            ||     2
 Armour: Skin              ||    38
  Dodge: Dodged            ||    77
